[ AOE2 MATCH · #484094826 ]
UnrankedRomans vs Britons
[ REPLAY ANALYSIS · EXTRACTED FROM THE RECORDED GAME ]
Feudal
12:59
Castle
16:35
Imperial
35:11
| APM avg | 31.2 |
| APM peak | 100 |
| eAPM avg | 18.8 |
| Villagers / military | 134 / 140 |
Focus
⚔️ 34.8% · 🌾 65.2%
Militia ×121 · Battering Ram ×6 · Skirmisher ×5 · Trebuchet (Packed) ×4 · Mangonel ×3 · Scorpion ×1
Feudal
11:43
Castle
16:03
Imperial
34:38
| APM avg | 38.7 |
| APM peak | 119 |
| eAPM avg | 20.0 |
| Villagers / military | 157 / 129 |
Focus
⚔️ 30.4% · 🌾 69.6%
Longbowman ×79 · Spearman ×20 · Militia ×15 · Monk ×7 · Trebuchet (Packed) ×6 · Battering Ram ×2
Feudal
17:25
Castle
21:25
Imperial
—
| APM avg | 43.4 |
| APM peak | 113 |
| eAPM avg | 18.8 |
| Villagers / military | 120 / 32 |
Focus
⚔️ 15.6% · 🌾 84.4%
War Wagon ×25 · Battering Ram ×5 · Monk ×2
Feudal
15:01
Castle
19:17
Imperial
33:15
| APM avg | 33.4 |
| APM peak | 72 |
| eAPM avg | 22.0 |
| Villagers / military | 112 / 75 |
Focus
⚔️ 18.9% · 🌾 81.1%
Hand Cannoneer ×24 · Camel Scout ×22 · Scout Cavalry ×15 · Janissary ×6 · Bombard Cannon ×6 · Monk ×2
Feudal
16:35
Castle
20:27
Imperial
—
| APM avg | 21.9 |
| APM peak | 64 |
| eAPM avg | 13.1 |
| Villagers / military | 93 / 58 |
Focus
⚔️ 31.4% · 🌾 68.6%
Rattan Archer ×45 · Battering Ram ×13
Feudal
14:14
Castle
17:48
Imperial
—
| APM avg | 36.6 |
| APM peak | 63 |
| eAPM avg | 20.8 |
| Villagers / military | 130 / 33 |
Focus
⚔️ 23.3% · 🌾 76.7%
Samurai ×10 · Battering Ram ×10 · Petard ×6 · Knight ×3 · Mangonel ×3 · Scout Cavalry ×1
Feudal
14:24
Castle
20:01
Imperial
31:50
| APM avg | 23.1 |
| APM peak | 83 |
| eAPM avg | 15.8 |
| Villagers / military | 116 / 86 |
Focus
⚔️ 24.3% · 🌾 75.7%
Konnik ×49 · Spearman ×33 · Trebuchet (Packed) ×4
Feudal
14:11
Castle
20:40
Imperial
43:03
| APM avg | 56.7 |
| APM peak | 91 |
| eAPM avg | 29.0 |
| Villagers / military | 185 / 1 |
Focus
⚔️ 17.6% · 🌾 82.4%
Unknown (2579) ×73 · Unknown (2550) ×8 · Unknown (2582) ×3 · Mangonel ×1
Match map
Initial resources + every placement click. Lines = walls · curves = elevation contours. ◆ gold · ⬟ stone · ● berries · ✦ relic · ◌ wall gap
Your base· Open — 9t gap
Waryahay's base· Open — unwalled flank
灵羽の's base· Open — unwalled flank
283948964's base· Open — unwalled flank
BiangBiangBiang's base· Open — unwalled flank
雞雞歪歪's base· Open — unwalled flank
Zelicko's base· Open — unwalled flank
foog513523's base· Open — unwalled flank
Smoothed initial terrain · ◌ = detected wall gap · hover for details
Inputs per minute
— 长枪兵No.7 - - Waryahay
Build order — 长枪兵No.7
First 150 of 360 actions detected
| 0:08 | Build | Town Center |
| 2:10 | Build | House |
| 2:16 | Create | Villager (Male) ×4 |
| 4:03 | Create | Villager (Male) |
| 4:03 | Create | Villager (Male) |
| 4:20 | Create | Villager (Male) |
| 4:20 | Create | Villager (Male) |
| 4:43 | Build | House |
| 4:55 | Create | Villager (Male) |
| 4:55 | Create | Villager (Male) |
| 5:24 | Create | Villager (Male) |
| 5:24 | Create | Villager (Male) |
| 5:43 | Create | Villager (Male) |
| 5:43 | Create | Villager (Male) |
| 5:50 | Build | House |
| 5:58 | Create | Villager (Male) |
| 5:58 | Create | Villager (Male) |
| 6:25 | Create | Villager (Male) |
| 6:25 | Create | Villager (Male) |
| 6:25 | Create | Villager (Male) |
| 6:45 | Create | Villager (Male) |
| 6:45 | Create | Villager (Male) |
| 7:11 | Build | Mill |
| 7:36 | Create | Villager (Male) |
| 7:53 | Build | House |
| 8:06 | Create | Villager (Male) |
| 8:14 | Build | House |
| 8:21 | Build | House |
| 8:33 | Build | House |
| 9:02 | Create | Villager (Male) |
| 9:29 | Build | Mining Camp |
| 9:30 | Create | Villager (Male) |
| 9:37 | Build | House |
| 9:59 | Create | Villager (Male) |
| 10:00 | Create | Villager (Male) |
| 10:43 | Research | Feudal Age |
| 11:59 | Build | Palisade Wall |
| 12:11 | Build | Palisade Wall |
| 12:15 | Build | Palisade Wall |
| 12:18 | Build | Palisade Wall |
| 12:59 | Age | Feudal Age |
| 13:02 | Create | Villager (Male) |
| 13:02 | Create | Villager (Male) |
| 13:07 | Build | Market |
| 13:09 | Build | Blacksmith |
| 13:22 | Build | Lumber Camp |
| 13:55 | Research | Castle Age |
| 13:55 | Research | Castle Age |
| 13:58 | Research | Double-Bit Axe |
| 13:58 | Research | Double-Bit Axe |
| 14:13 | Build | House |
| 14:29 | Research | Horse Collar |
| 14:29 | Research | Horse Collar |
| 15:10 | Build | Palisade Wall |
| 15:18 | Build | Farm |
| 15:18 | Build | Farm |
| 15:20 | Build | Farm |
| 15:23 | Build | Farm |
| 15:27 | Build | Farm |
| 16:23 | Research | Town Watch |
| 16:24 | Research | Loom |
| 16:35 | Age | Castle Age |
| 16:43 | Build | Siege Workshop |
| 16:55 | Build | Town Center |
| 16:59 | Build | Farm |
| 17:18 | Build | Barracks |
| 17:38 | Create | Villager (Male) |
| 17:49 | Create | Mangonel |
| 17:54 | Create | Mangonel |
| 18:12 | Create | Villager (Male) |
| 18:14 | Create | Villager (Male) |
| 18:27 | Create | Villager (Male) |
| 18:39 | Create | Villager (Male) |
| 18:45 | Build | Farm |
| 18:45 | Build | Farm |
| 18:46 | Build | Farm |
| 18:51 | Build | Farm |
| 18:59 | Create | Militia |
| 19:18 | Create | Villager (Male) |
| 19:21 | Build | Farm |
| 19:22 | Build | Farm |
| 19:33 | Create | Villager (Male) |
| 19:36 | Build | Farm |
| 19:38 | Build | House |
| 19:39 | Build | House |
| 19:52 | Create | Villager (Male) |
| 20:02 | Research | Man-at-Arms (upgrade) |
| 20:10 | Create | Battering Ram |
| 20:14 | Create | Villager (Male) |
| 20:18 | Create | Villager (Male) |
| 20:56 | Create | Villager (Male) |
| 20:58 | Research | Long Swordsman (upgrade) |
| 21:07 | Build | Farm |
| 21:44 | Create | Villager (Male) |
| 21:51 | Create | Militia |
| 21:53 | Research | Scale Mail Armor |
| 21:55 | Create | Villager (Male) |
| 22:04 | Build | Town Center |
| 22:20 | Create | Villager (Male) |
| 22:27 | Build | Farm |
| 22:34 | Build | House |
| 22:35 | Build | House |
| 22:39 | Create | Villager (Male) |
| 22:43 | Research | Squires |
| 22:49 | Create | Villager (Male) |
| 23:02 | Create | Militia |
| 23:28 | Create | Villager (Male) |
| 23:28 | Create | Villager (Male) |
| 23:30 | Create | Militia |
| 23:34 | Create | Battering Ram |
| 23:36 | Create | Villager (Male) |
| 23:40 | Create | Villager (Male) |
| 23:48 | Create | Villager (Male) |
| 23:52 | Create | Militia |
| 23:54 | Research | Chain Mail Armor |
| 24:13 | Create | Villager (Male) |
| 24:27 | Create | Villager (Male) |
| 24:29 | Build | Farm |
| 24:30 | Build | Farm |
| 24:31 | Build | Farm |
| 24:33 | Create | Villager (Male) |
| 24:33 | Create | Villager (Male) |
| 24:59 | Create | Villager (Male) |
| 25:00 | Create | Villager (Male) |
| 25:08 | Create | Mangonel |
| 25:14 | Create | Militia |
| 25:16 | Create | Villager (Male) |
| 25:20 | Build | House |
| 25:21 | Build | House |
| 25:25 | Create | Villager (Male) |
| 25:46 | Create | Militia |
| 25:50 | Create | Villager (Male) |
| 25:52 | Create | Villager (Male) |
| 25:54 | Build | House |
| 26:17 | Create | Villager (Male) |
| 26:20 | Build | Farm |
| 26:29 | Create | Battering Ram |
| 26:38 | Create | Villager (Male) |
| 26:38 | Create | Villager (Male) |
| 27:01 | Create | Villager (Male) |
| 27:02 | Create | Villager (Male) |
| 27:11 | Create | Villager (Male) |
| 27:12 | Create | Militia |
| 27:13 | Create | Militia |
| 27:22 | Create | Villager (Male) |
| 27:33 | Build | Town Center |
| 27:41 | Create | Militia |
| 27:41 | Create | Militia |
| 27:50 | Create | Villager (Male) |
| 27:50 | Create | Villager (Male) |
Build order — Waryahay
First 150 of 387 actions detected
| 0:10 | Build | Town Center |
| 0:26 | Build | House |
| 1:27 | Build | House |
| 2:15 | Build | Palisade Wall |
| 2:24 | Create | Villager (Male) |
| 2:25 | Create | Villager (Male) |
| 2:27 | Build | Lumber Camp |
| 2:28 | Create | Villager (Male) |
| 2:28 | Create | Villager (Male) |
| 2:30 | Build | Palisade Wall |
| 2:42 | Build | Palisade Wall |
| 3:52 | Create | Villager (Male) |
| 4:12 | Create | Villager (Male) |
| 4:42 | Create | Villager (Male) |
| 5:05 | Create | Villager (Male) |
| 5:35 | Create | Villager (Male) |
| 5:38 | Build | Mill |
| 5:53 | Build | Palisade Wall |
| 5:56 | Build | Palisade Wall |
| 5:58 | Build | Palisade Wall |
| 6:10 | Create | Villager (Male) |
| 6:11 | Create | Villager (Male) |
| 6:37 | Create | Villager (Male) |
| 6:41 | Build | House |
| 6:49 | Build | House |
| 6:58 | Create | Villager (Male) |
| 7:49 | Create | Villager (Male) |
| 8:16 | Create | Villager (Male) |
| 8:17 | Create | Villager (Male) |
| 8:23 | Create | Villager (Male) |
| 8:28 | Build | Palisade Wall |
| 8:43 | Build | Palisade Wall |
| 9:33 | Research | Feudal Age |
| 10:06 | Create | Villager (Male) |
| 10:08 | Build | House |
| 10:13 | Build | Palisade Wall |
| 10:39 | Create | Villager (Male) |
| 11:43 | Age | Feudal Age |
| 11:51 | Build | Market |
| 11:56 | Build | Blacksmith |
| 12:01 | Build | Blacksmith |
| 12:17 | Create | Villager (Male) |
| 12:19 | Build | Palisade Wall |
| 12:31 | Build | Palisade Wall |
| 12:45 | Build | Palisade Wall |
| 12:58 | Create | Villager (Male) |
| 13:12 | Build | Mining Camp |
| 13:23 | Research | Castle Age |
| 13:55 | Research | Double-Bit Axe |
| 14:02 | Build | House |
| 14:27 | Research | Stone Mining |
| 16:03 | Age | Castle Age |
| 16:04 | Create | Villager (Male) |
| 16:06 | Build | Town Center |
| 16:24 | Create | Villager (Male) |
| 16:27 | Research | Bow Saw |
| 16:28 | Create | Villager (Male) |
| 16:48 | Create | Villager (Male) |
| 16:54 | Build | Town Center |
| 17:13 | Build | House |
| 17:13 | Build | House |
| 17:15 | Build | House |
| 17:16 | Build | Mining Camp |
| 17:21 | Research | Loom |
| 17:21 | Research | Wheelbarrow |
| 17:43 | Research | Town Watch |
| 17:45 | Research | Wheelbarrow |
| 18:03 | Create | Villager (Male) |
| 18:05 | Create | Villager (Male) |
| 18:05 | Create | Villager (Male) |
| 18:18 | Research | Horse Collar |
| 18:26 | Create | Villager (Male) |
| 18:33 | Build | Farm |
| 18:35 | Build | Farm |
| 18:36 | Build | Farm |
| 18:46 | Create | Villager (Male) |
| 18:47 | Create | Villager (Male) |
| 18:47 | Create | Villager (Male) |
| 18:54 | Build | Outpost |
| 18:56 | Create | Villager (Male) |
| 18:56 | Create | Villager (Male) |
| 19:17 | Create | Villager (Male) |
| 19:17 | Create | Villager (Male) |
| 19:20 | Create | Villager (Male) |
| 19:20 | Create | Villager (Male) |
| 19:33 | Build | Town Center |
| 19:44 | Build | Town Center |
| 19:47 | Create | Villager (Male) |
| 19:51 | Create | Villager (Male) |
| 19:52 | Build | Outpost |
| 20:06 | Build | Farm |
| 20:06 | Build | Farm |
| 20:07 | Build | Farm |
| 20:18 | Build | Outpost |
| 20:26 | Create | Villager (Male) |
| 20:27 | Create | Villager (Male) |
| 20:28 | Create | Villager (Male) |
| 20:46 | Create | Villager (Male) |
| 20:49 | Build | Outpost |
| 20:53 | Create | Villager (Male) |
| 20:53 | Create | Villager (Male) |
| 20:57 | Build | Farm |
| 21:04 | Create | Villager (Male) |
| 21:04 | Create | Villager (Male) |
| 21:05 | Create | Villager (Male) |
| 21:12 | Build | Outpost |
| 21:16 | Create | Villager (Male) |
| 21:24 | Build | Lumber Camp |
| 21:26 | Build | Farm |
| 21:29 | Create | Villager (Male) |
| 21:29 | Create | Villager (Male) |
| 21:31 | Research | Gold Mining |
| 21:32 | Create | Villager (Male) |
| 21:42 | Create | Villager (Male) |
| 21:42 | Create | Villager (Male) |
| 21:57 | Build | Lumber Camp |
| 21:58 | Create | Villager (Male) |
| 22:02 | Build | Farm |
| 22:03 | Build | Farm |
| 22:14 | Build | Outpost |
| 22:16 | Build | Outpost |
| 22:19 | Build | Outpost |
| 22:24 | Create | Villager (Male) |
| 22:32 | Build | Castle |
| 22:35 | Create | Villager (Male) |
| 22:40 | Build | University |
| 22:42 | Build | Palisade Gate |
| 22:44 | Create | Villager (Male) |
| 22:44 | Create | Villager (Male) |
| 22:49 | Build | Palisade Gate |
| 22:54 | Build | House |
| 22:57 | Build | House |
| 22:58 | Build | House |
| 23:00 | Build | Palisade Gate |
| 23:08 | Create | Villager (Male) |
| 23:11 | Build | House |
| 23:12 | Build | House |
| 23:15 | Build | House |
| 23:15 | Build | House |
| 23:20 | Create | Villager (Male) |
| 23:22 | Create | Villager (Male) |
| 23:22 | Create | Villager (Male) |
| 23:23 | Create | Villager (Male) |
| 23:24 | Build | Farm |
| 23:36 | Create | Villager (Male) |
| 23:36 | Create | Villager (Male) |
| 23:47 | Create | Villager (Male) |
| 23:51 | Build | Farm |
| 23:52 | Build | Farm |
| 23:52 | Build | Farm |
Build order — 灵羽の
First 150 of 178 actions detected
| 1:43 | Build | Lumber Camp |
| 3:52 | Build | Town Center |
| 4:02 | Build | House |
| 6:06 | Create | Villager (Male) |
| 6:06 | Create | Villager (Male) |
| 6:06 | Create | Villager (Male) |
| 6:06 | Create | Villager (Male) |
| 6:07 | Create | Villager (Male) |
| 7:01 | Build | House |
| 7:40 | Create | Villager (Male) |
| 7:40 | Create | Villager (Male) |
| 7:41 | Create | Villager (Male) |
| 8:11 | Create | Villager (Male) |
| 8:12 | Create | Villager (Male) |
| 8:35 | Create | Villager (Male) |
| 8:36 | Create | Villager (Male) |
| 8:56 | Create | Villager (Male) |
| 8:56 | Create | Villager (Male) |
| 9:15 | Create | Villager (Male) |
| 9:16 | Create | Villager (Male) |
| 9:41 | Create | Villager (Male) |
| 9:42 | Create | Villager (Male) |
| 10:14 | Research | Loom |
| 10:15 | Research | Loom |
| 10:40 | Build | Mill |
| 10:53 | Create | Villager (Male) |
| 10:53 | Create | Villager (Male) |
| 10:54 | Create | Villager (Male) |
| 10:54 | Create | Villager (Male) |
| 11:05 | Build | House |
| 11:16 | Create | Villager (Male) |
| 11:16 | Create | Villager (Male) |
| 12:03 | Create | Villager (Male) |
| 12:04 | Create | Villager (Male) |
| 12:04 | Create | Villager (Male) |
| 12:25 | Create | Villager (Male) |
| 12:25 | Create | Villager (Male) |
| 12:26 | Create | Villager (Male) |
| 13:01 | Create | Villager (Male) |
| 13:01 | Create | Villager (Male) |
| 13:26 | Create | Villager (Male) |
| 13:27 | Create | Villager (Male) |
| 13:27 | Create | Villager (Male) |
| 13:27 | Create | Villager (Male) |
| 13:28 | Create | Villager (Male) |
| 13:40 | Create | Villager (Male) |
| 13:40 | Create | Villager (Male) |
| 13:58 | Build | House |
| 14:06 | Create | Villager (Male) |
| 14:06 | Create | Villager (Male) |
| 14:07 | Create | Villager (Male) |
| 14:07 | Create | Villager (Male) |
| 14:07 | Create | Villager (Male) |
| 14:07 | Create | Villager (Male) |
| 14:08 | Create | Villager (Male) |
| 14:46 | Build | Lumber Camp |
| 15:11 | Research | Feudal Age |
| 15:11 | Research | Feudal Age |
| 15:50 | Create | Villager (Male) |
| 16:28 | Build | House |
| 17:22 | Create | Villager (Male) |
| 17:25 | Age | Feudal Age |
| 17:27 | Build | Market |
| 17:33 | Build | Blacksmith |
| 17:43 | Create | Villager (Male) |
| 18:45 | Research | Castle Age |
| 18:45 | Research | Castle Age |
| 18:46 | Research | Castle Age |
| 19:09 | Research | Double-Bit Axe |
| 19:10 | Research | Double-Bit Axe |
| 19:10 | Research | Horse Collar |
| 19:10 | Research | Horse Collar |
| 19:41 | Build | House |
| 21:23 | Build | House |
| 21:25 | Build | House |
| 21:25 | Age | Castle Age |
| 21:27 | Build | House |
| 21:28 | Create | Villager (Male) |
| 21:28 | Create | Villager (Male) |
| 21:28 | Create | Villager (Male) |
| 21:41 | Build | Castle |
| 21:52 | Create | Villager (Male) |
| 22:31 | Build | House |
| 22:33 | Build | Palisade Wall |
| 22:43 | Build | Palisade Gate |
| 22:46 | Create | Villager (Male) |
| 23:00 | Build | Town Center |
| 23:27 | Build | Farm |
| 23:28 | Build | Farm |
| 23:30 | Build | Farm |
| 23:52 | Build | Farm |
| 23:53 | Build | Farm |
| 23:59 | Create | Villager (Male) |
| 24:11 | Create | Villager (Male) ×2 |
| 24:11 | Create | Villager (Male) ×2 |
| 24:21 | Build | House |
| 24:21 | Build | House |
| 24:40 | Create | War Wagon ×2 |
| 24:40 | Create | War Wagon ×2 |
| 24:43 | Create | Villager (Male) |
| 24:55 | Build | Palisade Gate |
| 24:56 | Build | House |
| 24:57 | Build | House |
| 24:58 | Build | House |
| 25:00 | Build | House |
| 25:02 | Build | Palisade Wall |
| 25:05 | Create | War Wagon |
| 25:05 | Create | War Wagon |
| 25:06 | Create | War Wagon |
| 25:06 | Create | War Wagon |
| 25:23 | Create | Villager (Male) ×2 |
| 25:49 | Create | War Wagon ×3 |
| 25:49 | Create | War Wagon ×3 |
| 25:52 | Create | Villager (Male) |
| 26:23 | Create | War Wagon |
| 26:34 | Research | Fletching |
| 26:34 | Research | Fletching |
| 27:26 | Research | Bodkin Arrow |
| 27:26 | Research | Bodkin Arrow |
| 27:55 | Create | Villager (Male) |
| 27:55 | Create | Villager (Male) |
| 28:29 | Build | University |
| 28:36 | Create | War Wagon ×3 |
| 28:37 | Create | War Wagon ×3 |
| 28:38 | Create | Villager (Male) |
| 28:39 | Create | Villager (Male) |
| 28:39 | Create | Villager (Male) |
| 28:45 | Build | Farm |
| 28:46 | Build | Farm |
| 28:49 | Build | Farm |
| 28:53 | Create | Villager (Male) ×2 |
| 29:01 | Build | Siege Workshop |
| 29:34 | Build | Monastery |
| 29:36 | Create | Battering Ram |
| 29:36 | Create | Battering Ram |
| 30:00 | Create | Monk |
| 31:20 | Create | Battering Ram |
| 31:20 | Create | Battering Ram |
| 31:20 | Create | Battering Ram |
| 32:17 | Build | Farm |
| 32:53 | Build | Monastery |
| 33:06 | Create | War Wagon ×2 |
| 33:07 | Create | War Wagon ×2 |
| 33:16 | Create | Villager (Male) ×5 |
| 33:16 | Create | Villager (Male) ×5 |
| 33:16 | Create | Villager (Male) ×5 |
| 33:17 | Create | Villager (Male) ×5 |
| 33:17 | Create | Villager (Male) ×2 |
| 33:34 | Create | Monk |
| 34:05 | Build | Palisade Gate |
Build order — 283948964
First 150 of 333 actions detected
| 0:40 | Build | Town Center |
| 2:10 | Build | House |
| 3:16 | Create | Villager (Male) |
| 3:16 | Create | Villager (Male) |
| 3:16 | Create | Villager (Male) |
| 3:17 | Create | Villager (Male) |
| 3:17 | Create | Villager (Male) |
| 3:25 | Research | Loom |
| 3:35 | Create | Villager (Male) |
| 3:35 | Create | Villager (Male) |
| 3:35 | Create | Villager (Male) |
| 4:44 | Build | House |
| 4:45 | Create | Villager (Male) |
| 4:45 | Create | Villager (Male) |
| 5:12 | Build | Palisade Wall |
| 5:25 | Create | Villager (Male) |
| 5:25 | Create | Villager (Male) |
| 5:44 | Build | Lumber Camp |
| 5:54 | Create | Villager (Male) |
| 5:54 | Create | Villager (Male) |
| 6:20 | Create | Villager (Male) |
| 6:20 | Create | Villager (Male) |
| 6:41 | Create | Villager (Male) |
| 6:41 | Create | Villager (Male) |
| 7:19 | Create | Villager (Male) |
| 7:19 | Create | Villager (Male) |
| 7:44 | Create | Villager (Male) |
| 7:44 | Create | Villager (Male) |
| 7:44 | Create | Villager (Male) |
| 7:45 | Create | Villager (Male) |
| 8:02 | Build | House |
| 8:34 | Create | Villager (Male) |
| 8:44 | Create | Villager (Male) |
| 9:09 | Create | Villager (Male) |
| 9:23 | Create | Villager (Male) |
| 9:46 | Create | Villager (Male) |
| 9:53 | Build | Mill |
| 10:00 | Build | House |
| 10:19 | Build | House |
| 10:29 | Create | Villager (Male) |
| 10:36 | Build | House |
| 10:56 | Create | Villager (Male) |
| 10:58 | Build | Mining Camp |
| 11:14 | Create | Villager (Male) |
| 11:29 | Build | Palisade Wall |
| 12:04 | Create | Villager (Male) |
| 12:49 | Research | Feudal Age |
| 13:17 | Build | Farm |
| 13:49 | Build | Barracks |
| 14:34 | Build | Farm |
| 14:51 | Create | Villager (Male) |
| 14:51 | Create | Villager (Male) |
| 15:01 | Age | Feudal Age |
| 15:06 | Build | Stable |
| 15:38 | Build | Market |
| 15:50 | Create | Villager (Male) |
| 15:58 | Build | House |
| 16:37 | Research | Castle Age |
| 16:37 | Research | Castle Age |
| 16:42 | Build | Farm |
| 16:48 | Build | Farm |
| 16:56 | Build | Palisade Wall |
| 17:32 | Build | Palisade Wall |
| 17:37 | Research | Double-Bit Axe |
| 17:37 | Research | Double-Bit Axe |
| 17:51 | Build | Farm |
| 18:06 | Build | Farm |
| 18:53 | Build | Palisade Wall |
| 19:05 | Research | Stone Mining |
| 19:17 | Age | Castle Age |
| 19:22 | Build | Castle |
| 19:25 | Create | Villager (Male) |
| 19:37 | Create | Villager (Male) |
| 19:55 | Build | Town Center |
| 19:57 | Create | Villager (Male) |
| 20:15 | Build | Monastery |
| 20:20 | Create | Villager (Male) |
| 20:45 | Create | Villager (Male) |
| 20:47 | Build | Farm |
| 21:02 | Create | Monk |
| 21:11 | Research | Bow Saw |
| 21:11 | Research | Bow Saw |
| 21:43 | Build | Blacksmith |
| 21:50 | Build | Blacksmith |
| 21:52 | Create | Villager (Male) |
| 22:10 | Create | Villager (Male) |
| 22:27 | Build | Farm |
| 22:43 | Build | Siege Workshop |
| 22:45 | Create | Villager (Male) |
| 22:50 | Build | House |
| 23:08 | Create | Villager (Male) |
| 23:08 | Create | Villager (Male) |
| 23:20 | Build | Lumber Camp |
| 23:26 | Create | Villager (Male) |
| 23:26 | Create | Villager (Male) |
| 23:32 | Build | Farm |
| 23:38 | Build | House |
| 24:02 | Create | Janissary |
| 24:07 | Build | Lumber Camp |
| 24:13 | Build | Farm |
| 24:39 | Create | Villager (Male) |
| 24:41 | Build | Farm |
| 24:51 | Create | Janissary |
| 24:59 | Create | Villager (Male) |
| 25:24 | Create | Villager (Male) |
| 25:38 | Build | Mill |
| 25:39 | Build | Farm |
| 25:40 | Build | Farm |
| 25:40 | Build | Farm |
| 25:41 | Build | Farm |
| 25:50 | Build | Town Center |
| 25:55 | Create | Villager (Male) |
| 25:59 | Build | Farm |
| 26:01 | Create | Villager (Male) |
| 26:15 | Build | Stone Wall |
| 26:28 | Build | Mining Camp |
| 26:46 | Create | Monk |
| 26:56 | Create | Janissary |
| 27:03 | Create | Camel Scout |
| 27:11 | Create | Villager (Male) |
| 27:29 | Create | Camel Scout |
| 27:33 | Create | Villager (Male) |
| 27:36 | Create | Villager (Male) |
| 27:57 | Create | Villager (Male) |
| 27:58 | Create | Villager (Male) |
| 27:59 | Create | Villager (Male) |
| 28:03 | Create | Villager (Male) |
| 28:20 | Research | Wheelbarrow |
| 28:25 | Create | Villager (Male) |
| 28:27 | Build | Farm |
| 28:34 | Research | Gold Mining |
| 28:37 | Research | Horse Collar |
| 28:45 | Build | House |
| 29:09 | Create | Villager (Male) |
| 29:11 | Build | Farm |
| 29:54 | Create | Villager (Male) |
| 29:56 | Build | House |
| 29:56 | Build | House |
| 30:05 | Research | Imperial Age |
| 30:09 | Create | Villager (Male) |
| 30:11 | Create | Villager (Male) |
| 30:22 | Create | Janissary |
| 30:34 | Create | Villager (Male) |
| 30:39 | Build | Farm |
| 30:41 | Create | Villager (Male) |
| 30:41 | Create | Villager (Male) |
| 30:48 | Create | Janissary |
| 31:03 | Build | University |
| 31:05 | Create | Villager (Male) |
| 31:07 | Create | Villager (Male) |
Build order — BiangBiangBiang
First 150 of 237 actions detected
| 0:15 | Build | Town Center |
| 2:11 | Build | House |
| 2:14 | Build | Palisade Wall |
| 2:52 | Create | Villager (Male) |
| 2:53 | Create | Villager (Male) |
| 3:10 | Create | Villager (Male) |
| 3:10 | Create | Villager (Male) |
| 3:11 | Create | Villager (Male) |
| 3:11 | Create | Villager (Male) |
| 4:24 | Create | Villager (Male) |
| 4:24 | Create | Villager (Male) |
| 4:54 | Create | Villager (Male) |
| 4:54 | Create | Villager (Male) |
| 4:59 | Build | House |
| 5:09 | Build | House |
| 5:13 | Build | House |
| 5:28 | Create | Villager (Male) |
| 5:36 | Create | Villager (Male) |
| 5:41 | Build | House |
| 5:50 | Build | House |
| 6:00 | Create | Villager (Male) |
| 6:00 | Create | Villager (Male) |
| 6:33 | Build | Palisade Wall |
| 6:39 | Create | Villager (Male) |
| 6:42 | Create | Villager (Male) |
| 6:43 | Create | Villager (Male) |
| 7:40 | Create | Villager (Male) |
| 7:47 | Build | Mill |
| 7:48 | Create | Villager (Male) |
| 7:48 | Create | Villager (Male) |
| 8:00 | Build | Lumber Camp |
| 8:01 | Create | Villager (Male) |
| 8:01 | Create | Villager (Male) |
| 8:35 | Build | House |
| 8:53 | Build | House |
| 9:18 | Create | Villager (Male) |
| 9:18 | Create | Villager (Male) |
| 9:18 | Create | Villager (Male) |
| 9:18 | Create | Villager (Male) |
| 9:30 | Build | House |
| 10:21 | Build | House |
| 10:30 | Create | Villager (Male) |
| 10:56 | Build | Mining Camp |
| 11:09 | Create | Villager (Male) |
| 11:32 | Build | House |
| 11:34 | Build | Palisade Wall |
| 11:41 | Build | House |
| 11:53 | Research | Loom |
| 11:53 | Research | Loom |
| 12:24 | Create | Villager (Male) |
| 13:01 | Build | Mill |
| 14:25 | Research | Feudal Age |
| 14:26 | Research | Feudal Age |
| 15:00 | Build | Palisade Wall |
| 15:06 | Build | Palisade Gate |
| 16:35 | Age | Feudal Age |
| 16:38 | Build | Market |
| 16:44 | Build | Blacksmith |
| 16:45 | Create | Villager (Male) |
| 16:54 | Create | Villager (Male) |
| 17:02 | Build | Palisade Gate |
| 17:30 | Build | Palisade Wall |
| 17:47 | Research | Castle Age |
| 17:47 | Research | Castle Age |
| 18:03 | Research | Double-Bit Axe |
| 18:03 | Research | Double-Bit Axe |
| 18:10 | Build | Palisade Wall |
| 18:15 | Build | Palisade Gate |
| 18:24 | Research | Horse Collar |
| 18:25 | Research | Horse Collar |
| 18:46 | Build | Farm |
| 18:52 | Build | Farm |
| 18:56 | Build | Farm |
| 18:59 | Build | Farm |
| 20:23 | Build | Outpost |
| 20:25 | Research | Town Watch |
| 20:27 | Age | Castle Age |
| 21:05 | Build | Castle |
| 21:10 | Create | Villager (Male) |
| 21:10 | Create | Villager (Male) |
| 21:11 | Create | Villager (Male) |
| 21:35 | Create | Villager (Male) |
| 21:36 | Create | Villager (Male) |
| 22:01 | Build | Town Center |
| 22:03 | Create | Rattan Archer |
| 22:03 | Create | Rattan Archer |
| 22:03 | Create | Rattan Archer |
| 22:03 | Create | Rattan Archer |
| 22:39 | Create | Rattan Archer |
| 22:39 | Create | Rattan Archer |
| 22:51 | Research | Fletching |
| 22:51 | Research | Fletching |
| 23:09 | Create | Villager (Male) |
| 23:26 | Create | Rattan Archer |
| 23:28 | Create | Villager (Male) |
| 23:28 | Create | Villager (Male) |
| 23:29 | Create | Villager (Male) |
| 23:43 | Build | Siege Workshop |
| 23:48 | Create | Villager (Male) |
| 24:03 | Create | Rattan Archer |
| 24:04 | Create | Rattan Archer |
| 24:17 | Create | Villager (Male) |
| 24:22 | Create | Villager (Male) |
| 24:32 | Build | Farm |
| 24:34 | Build | Farm |
| 24:50 | Research | Bodkin Arrow |
| 24:50 | Research | Bodkin Arrow |
| 24:50 | Research | Bodkin Arrow |
| 24:53 | Build | Farm |
| 24:55 | Create | Villager (Male) |
| 25:04 | Create | Villager (Male) |
| 25:10 | Create | Villager (Male) |
| 25:24 | Create | Rattan Archer |
| 25:42 | Create | Villager (Male) |
| 25:43 | Create | Villager (Male) |
| 25:44 | Create | Villager (Male) |
| 26:05 | Create | Battering Ram |
| 26:33 | Research | Stone Mining |
| 26:33 | Research | Stone Mining |
| 27:11 | Build | Castle |
| 27:16 | Research | Padded Archer Armor |
| 27:17 | Research | Padded Archer Armor |
| 27:17 | Research | Padded Archer Armor |
| 27:18 | Create | Rattan Archer |
| 27:18 | Create | Rattan Archer |
| 27:18 | Create | Rattan Archer |
| 27:19 | Create | Rattan Archer |
| 28:20 | Create | Villager (Male) |
| 28:21 | Create | Villager (Male) |
| 28:22 | Create | Villager (Male) |
| 28:22 | Create | Villager (Male) |
| 28:22 | Create | Villager (Male) |
| 28:55 | Create | Villager (Male) |
| 28:56 | Create | Villager (Male) |
| 28:56 | Create | Villager (Male) |
| 29:14 | Build | Lumber Camp |
| 29:22 | Create | Villager (Male) |
| 29:27 | Build | Mining Camp |
| 29:36 | Create | Battering Ram |
| 29:50 | Create | Villager (Male) |
| 29:59 | Create | Rattan Archer |
| 30:03 | Create | Rattan Archer |
| 30:03 | Create | Rattan Archer |
| 30:07 | Create | Villager (Male) |
| 30:26 | Create | Battering Ram |
| 30:27 | Create | Battering Ram |
| 30:40 | Create | Rattan Archer |
| 30:58 | Create | Rattan Archer |
| 31:10 | Create | Rattan Archer |
| 31:14 | Create | Rattan Archer |
Build order — 雞雞歪歪
First 150 of 293 actions detected
| 0:40 | Build | Town Center |
| 2:41 | Create | Villager (Male) |
| 3:07 | Create | Villager (Male) |
| 3:11 | Build | House |
| 3:20 | Create | Villager (Male) |
| 3:41 | Create | Villager (Male) |
| 3:47 | Create | Villager (Male) |
| 3:47 | Create | Villager (Male) |
| 3:49 | Research | Loom |
| 4:37 | Build | House |
| 4:48 | Create | Villager (Male) |
| 4:48 | Create | Villager (Male) |
| 4:49 | Create | Villager (Male) |
| 5:49 | Create | Villager (Male) |
| 5:49 | Create | Villager (Male) |
| 5:50 | Create | Villager (Male) |
| 5:50 | Create | Villager (Male) |
| 6:07 | Build | House |
| 6:39 | Build | House |
| 6:45 | Create | Villager (Male) |
| 6:45 | Create | Villager (Male) |
| 6:46 | Create | Villager (Male) |
| 6:46 | Create | Villager (Male) |
| 7:41 | Create | Villager (Male) |
| 7:42 | Create | Villager (Male) |
| 7:42 | Create | Villager (Male) |
| 7:43 | Create | Villager (Male) |
| 8:34 | Build | Mill |
| 8:54 | Create | Villager (Male) |
| 8:54 | Create | Villager (Male) |
| 8:55 | Create | Villager (Male) |
| 8:55 | Create | Villager (Male) |
| 9:38 | Create | Villager (Male) |
| 9:38 | Create | Villager (Male) |
| 10:15 | Create | Villager (Male) |
| 10:15 | Create | Villager (Male) |
| 10:15 | Create | Villager (Male) |
| 10:26 | Create | Villager (Male) |
| 10:48 | Build | House |
| 10:57 | Create | Villager (Male) |
| 11:01 | Build | Mining Camp |
| 11:01 | Create | Villager (Male) |
| 11:02 | Create | Villager (Male) |
| 11:02 | Create | Villager (Male) |
| 11:12 | Build | House |
| 11:16 | Build | House |
| 11:28 | Build | House |
| 12:02 | Research | Feudal Age |
| 12:02 | Research | Feudal Age |
| 12:16 | Build | House |
| 13:19 | Build | Mill |
| 13:27 | Create | Villager (Male) |
| 14:14 | Age | Feudal Age |
| 14:17 | Build | Market |
| 14:19 | Build | Blacksmith |
| 14:28 | Build | House |
| 14:29 | Build | House |
| 14:36 | Create | Villager (Male) |
| 15:08 | Research | Castle Age |
| 15:09 | Research | Castle Age |
| 15:24 | Build | Lumber Camp |
| 15:40 | Build | House |
| 15:42 | Build | House |
| 15:49 | Build | House |
| 16:13 | Research | Double-Bit Axe |
| 17:07 | Create | Villager (Male) |
| 17:22 | Build | Barracks |
| 17:48 | Age | Castle Age |
| 18:10 | Build | Town Center |
| 18:15 | Create | Villager (Male) |
| 18:25 | Create | Villager (Male) |
| 18:54 | Build | Stable |
| 19:02 | Build | Farm |
| 19:04 | Create | Villager (Male) |
| 19:15 | Create | Villager (Male) |
| 19:33 | Create | Villager (Male) |
| 19:35 | Build | Farm |
| 19:38 | Build | Farm |
| 19:41 | Build | Farm |
| 19:42 | Create | Scout Cavalry |
| 19:45 | Create | Knight |
| 19:47 | Create | Villager (Male) |
| 19:51 | Create | Knight |
| 20:03 | Build | Mill |
| 20:07 | Create | Villager (Male) |
| 20:20 | Build | Farm |
| 20:21 | Build | Farm |
| 20:22 | Create | Villager (Male) |
| 20:33 | Create | Villager (Male) |
| 20:33 | Create | Villager (Male) |
| 20:55 | Research | Husbandry |
| 21:02 | Build | Farm |
| 21:03 | Build | Farm |
| 21:04 | Create | Villager (Male) |
| 21:36 | Create | Villager (Male) |
| 21:37 | Create | Villager (Male) |
| 21:45 | Create | Villager (Male) |
| 22:05 | Create | Villager (Male) |
| 22:15 | Build | Town Center |
| 22:24 | Create | Villager (Male) |
| 22:28 | Create | Villager (Male) |
| 22:28 | Create | Villager (Male) |
| 22:29 | Create | Villager (Male) |
| 22:41 | Build | Farm |
| 22:46 | Build | Farm |
| 22:47 | Build | Farm |
| 22:48 | Build | Farm |
| 23:09 | Build | Mining Camp |
| 23:14 | Create | Villager (Male) |
| 23:15 | Create | Knight |
| 23:20 | Build | Farm |
| 23:21 | Build | Farm |
| 23:30 | Research | Scale Barding Armor |
| 23:37 | Build | Farm |
| 23:37 | Build | Farm |
| 23:45 | Build | Barracks |
| 23:56 | Build | Siege Workshop |
| 23:58 | Create | Villager (Male) |
| 23:59 | Create | Villager (Male) |
| 24:01 | Build | Farm |
| 24:21 | Create | Villager (Male) |
| 24:22 | Create | Villager (Male) |
| 24:39 | Create | Villager (Male) |
| 24:39 | Create | Villager (Male) |
| 24:54 | Build | Town Center |
| 24:58 | Create | Villager (Male) |
| 25:05 | Create | Villager (Male) |
| 25:11 | Build | Farm |
| 25:12 | Create | Villager (Male) |
| 25:21 | Create | Villager (Male) |
| 25:22 | Create | Villager (Male) |
| 25:28 | Build | Mining Camp |
| 25:39 | Create | Battering Ram |
| 25:42 | Create | Villager (Male) |
| 25:42 | Create | Villager (Male) |
| 26:03 | Research | Stone Mining |
| 26:23 | Create | Mangonel |
| 26:28 | Create | Villager (Male) |
| 26:31 | Create | Villager (Male) |
| 27:23 | Build | Castle |
| 27:34 | Create | Villager (Male) |
| 27:35 | Create | Villager (Male) |
| 28:33 | Create | Mangonel |
| 28:43 | Create | Villager (Male) |
| 28:58 | Build | Farm |
| 28:59 | Build | Farm |
| 29:02 | Build | Farm |
| 29:04 | Create | Battering Ram |
| 29:20 | Build | Lumber Camp |
| 29:26 | Create | Battering Ram |
Build order — Zelicko
First 150 of 336 actions detected
| 0:10 | Build | Town Center |
| 0:27 | Build | House |
| 2:17 | Create | Villager (Male) |
| 2:18 | Create | Villager (Male) |
| 2:18 | Create | Villager (Male) |
| 2:18 | Create | Villager (Male) |
| 3:32 | Create | Villager (Male) |
| 3:32 | Create | Villager (Male) |
| 4:31 | Create | Villager (Male) |
| 4:31 | Create | Villager (Male) |
| 4:31 | Create | Villager (Male) |
| 4:32 | Create | Villager (Male) |
| 5:01 | Build | House |
| 5:12 | Create | Villager (Male) |
| 5:12 | Create | Villager (Male) |
| 5:13 | Create | Villager (Male) |
| 5:13 | Create | Villager (Male) |
| 6:08 | Create | Villager (Male) |
| 6:08 | Create | Villager (Male) |
| 6:08 | Create | Villager (Male) |
| 6:08 | Create | Villager (Male) |
| 6:27 | Research | Loom |
| 6:27 | Create | Villager (Male) |
| 6:27 | Create | Villager (Male) |
| 6:36 | Build | House |
| 6:37 | Build | House |
| 7:33 | Create | Villager (Male) |
| 7:34 | Create | Villager (Male) |
| 7:34 | Create | Villager (Male) |
| 7:34 | Create | Villager (Male) |
| 7:35 | Create | Villager (Male) |
| 7:35 | Create | Villager (Male) |
| 8:26 | Build | Mining Camp |
| 8:55 | Build | House |
| 9:09 | Create | Villager (Male) |
| 9:10 | Create | Villager (Male) |
| 9:36 | Build | Mill |
| 10:25 | Create | Villager (Male) |
| 10:26 | Create | Villager (Male) |
| 11:09 | Create | Villager (Male) |
| 11:10 | Create | Villager (Male) |
| 11:42 | Build | House |
| 12:14 | Research | Feudal Age |
| 12:45 | Build | Mining Camp |
| 13:07 | Build | Mill |
| 13:36 | Create | Villager (Male) |
| 13:37 | Create | Villager (Male) |
| 14:24 | Age | Feudal Age |
| 14:26 | Build | Market |
| 14:28 | Build | Blacksmith |
| 15:22 | Create | Villager (Male) |
| 15:44 | Create | Villager (Male) |
| 15:52 | Build | Mill |
| 16:10 | Create | Villager (Male) |
| 16:48 | Create | Villager (Male) |
| 17:21 | Research | Castle Age |
| 17:54 | Build | Outpost |
| 18:06 | Build | Farm |
| 18:07 | Build | Farm |
| 18:07 | Build | Farm |
| 18:08 | Build | Farm |
| 18:10 | Build | Farm |
| 18:11 | Build | Farm |
| 18:11 | Build | Farm |
| 18:12 | Build | Farm |
| 18:43 | Build | Lumber Camp |
| 19:51 | Create | Villager (Male) |
| 19:51 | Create | Villager (Male) |
| 20:01 | Age | Castle Age |
| 20:09 | Build | Castle |
| 20:25 | Create | Villager (Male) |
| 21:17 | Build | Farm |
| 21:21 | Create | Villager (Male) |
| 21:21 | Create | Villager (Male) |
| 21:26 | Build | Farm |
| 21:26 | Build | Farm |
| 21:26 | Build | Farm |
| 21:27 | Build | Farm |
| 21:27 | Build | Farm |
| 21:27 | Build | Farm |
| 21:29 | Build | Farm |
| 21:53 | Build | Watch Tower |
| 22:06 | Build | Watch Tower |
| 22:12 | Create | Villager (Male) |
| 22:23 | Build | Town Center |
| 22:26 | Create | Villager (Male) |
| 23:00 | Create | Villager (Male) |
| 23:34 | Create | Villager (Male) |
| 23:35 | Create | Villager (Male) |
| 23:36 | Create | Villager (Male) |
| 23:36 | Create | Villager (Male) |
| 23:44 | Build | Farm |
| 23:44 | Build | Farm |
| 23:44 | Build | Farm |
| 23:44 | Build | Farm |
| 23:44 | Build | Farm |
| 23:45 | Build | Farm |
| 23:45 | Build | Farm |
| 24:19 | Build | Farm |
| 24:20 | Create | Villager (Male) |
| 24:21 | Create | Villager (Male) |
| 24:53 | Build | Outpost |
| 24:55 | Create | Villager (Male) |
| 24:56 | Create | Villager (Male) |
| 24:56 | Create | Villager (Male) |
| 24:57 | Create | Villager (Male) |
| 24:57 | Create | Villager (Male) |
| 25:22 | Create | Konnik |
| 25:24 | Create | Villager (Male) |
| 25:28 | Build | Mining Camp |
| 25:35 | Build | Farm |
| 25:35 | Build | Farm |
| 25:35 | Build | Farm |
| 25:36 | Build | Farm |
| 25:36 | Build | Farm |
| 25:36 | Build | Farm |
| 25:36 | Build | Farm |
| 25:36 | Build | Farm |
| 25:41 | Create | Villager (Male) |
| 25:43 | Create | Villager (Male) |
| 26:05 | Build | Farm |
| 26:07 | Create | Villager (Male) |
| 26:08 | Create | Villager (Male) |
| 26:20 | Create | Konnik |
| 26:34 | Build | Farm |
| 26:35 | Create | Villager (Male) |
| 26:37 | Create | Villager (Male) |
| 27:22 | Create | Villager (Male) |
| 27:22 | Create | Villager (Male) |
| 27:22 | Create | Villager (Male) |
| 27:23 | Create | Villager (Male) |
| 27:27 | Build | House |
| 27:28 | Build | House |
| 27:29 | Build | House |
| 27:31 | Build | House |
| 27:45 | Create | Villager (Male) |
| 27:46 | Create | Villager (Male) |
| 27:57 | Build | Town Center |
| 28:02 | Create | Villager (Male) |
| 28:03 | Create | Villager (Male) |
| 28:16 | Build | Krepost |
| 28:18 | Create | Villager (Male) |
| 28:19 | Create | Villager (Male) |
| 28:38 | Research | Imperial Age |
| 29:09 | Build | Mining Camp |
| 29:18 | Build | Barracks |
| 29:31 | Build | House |
| 29:32 | Build | House |
| 29:34 | Build | House |
| 29:35 | Build | House |
Build order — foog513523
First 150 of 515 actions detected
| 1:02 | Build | Town Center |
| 1:18 | Build | House |
| 2:36 | Build | House |
| 2:58 | Build | House |
| 3:10 | Create | Villager (Male) |
| 3:10 | Create | Villager (Male) |
| 3:15 | Build | House |
| 3:20 | Create | Villager (Male) |
| 3:30 | Build | House |
| 4:01 | Create | Villager (Male) |
| 4:02 | Create | Villager (Male) |
| 4:03 | Research | Loom |
| 4:04 | Research | Loom |
| 4:56 | Build | House |
| 4:57 | Build | House |
| 5:01 | Create | Villager (Male) |
| 5:01 | Create | Villager (Male) |
| 5:02 | Create | Villager (Male) |
| 6:07 | Create | Villager (Male) |
| 6:07 | Create | Villager (Male) |
| 6:07 | Create | Villager (Male) |
| 6:29 | Create | Villager (Male) |
| 6:29 | Create | Villager (Male) |
| 6:37 | Build | House |
| 6:44 | Build | House |
| 6:45 | Create | Villager (Male) |
| 6:45 | Create | Villager (Male) |
| 7:34 | Create | Villager (Male) |
| 7:34 | Create | Villager (Male) |
| 8:27 | Create | Villager (Male) |
| 8:27 | Create | Villager (Male) |
| 8:27 | Create | Villager (Male) |
| 8:32 | Create | Villager (Male) |
| 8:40 | Build | Settlement |
| 8:41 | Create | Villager (Male) |
| 9:23 | Create | Villager (Male) |
| 9:39 | Create | Villager (Male) |
| 9:46 | Create | Villager (Male) |
| 10:21 | Create | Villager (Male) |
| 10:25 | Build | Settlement |
| 10:30 | Build | House |
| 10:34 | Create | Villager (Male) |
| 10:44 | Build | House |
| 10:59 | Build | House |
| 11:04 | Build | House |
| 12:01 | Research | Feudal Age |
| 12:01 | Research | Feudal Age |
| 13:18 | Create | Villager (Male) |
| 13:58 | Build | Settlement |
| 14:09 | Create | Villager (Male) |
| 14:11 | Age | Feudal Age |
| 14:16 | Build | Market |
| 14:21 | Build | Blacksmith |
| 14:24 | Create | Villager (Male) |
| 14:34 | Build | Palisade Wall |
| 14:55 | Create | Villager (Male) |
| 15:03 | Build | Farm |
| 15:03 | Build | Farm |
| 15:03 | Build | Farm |
| 15:03 | Build | Farm |
| 15:04 | Build | Farm |
| 15:04 | Build | Farm |
| 15:19 | Build | House |
| 15:24 | Build | Palisade Wall |
| 15:30 | Create | Villager (Male) |
| 15:52 | Build | House |
| 15:58 | Create | Villager (Male) |
| 16:05 | Build | Palisade Wall |
| 16:08 | Build | House |
| 16:28 | Create | Villager (Male) |
| 16:31 | Build | Farm |
| 16:32 | Build | Farm |
| 16:39 | Create | Villager (Male) |
| 16:42 | Build | House |
| 16:50 | Build | Palisade Gate |
| 16:57 | Build | House |
| 17:13 | Build | Farm |
| 17:29 | Build | Farm |
| 17:30 | Build | Farm |
| 17:30 | Build | Farm |
| 17:32 | Create | Villager (Male) |
| 17:41 | Build | Palisade Wall |
| 17:46 | Build | Palisade Gate |
| 18:00 | Research | Castle Age |
| 18:00 | Research | Castle Age |
| 18:17 | Build | Palisade Wall |
| 18:20 | Build | Palisade Wall |
| 18:22 | Build | Palisade Gate |
| 18:29 | Build | Palisade Wall |
| 18:30 | Build | Palisade Gate |
| 18:35 | Research | Double-Bit Axe |
| 18:35 | Research | Double-Bit Axe |
| 18:50 | Research | Stone Mining |
| 18:51 | Research | Gold Mining |
| 18:57 | Research | Stone Mining |
| 18:57 | Research | Stone Mining |
| 20:07 | Create | Villager (Male) |
| 20:13 | Build | Settlement |
| 20:26 | Create | Villager (Male) |
| 20:40 | Age | Castle Age |
| 20:51 | Create | Villager (Male) |
| 20:52 | Create | Villager (Male) |
| 20:58 | Build | Barracks |
| 21:25 | Create | Unit 2582 |
| 21:25 | Create | Unit 2582 |
| 21:25 | Create | Unit 2582 |
| 21:32 | Build | House |
| 21:39 | Build | Castle |
| 21:47 | Create | Villager (Male) |
| 21:47 | Create | Villager (Male) |
| 21:57 | Create | Villager (Male) |
| 22:07 | Create | Villager (Male) |
| 22:23 | Create | Unit 2579 ×3 |
| 22:23 | Create | Unit 2579 ×3 |
| 22:45 | Research | Padded Archer Armor |
| 22:46 | Research | Padded Archer Armor |
| 22:47 | Create | Villager (Male) |
| 22:59 | Research | Forging |
| 22:59 | Research | Forging |
| 23:11 | Build | Town Center |
| 23:14 | Create | Villager (Male) |
| 23:20 | Research | Fletching |
| 23:20 | Research | Fletching |
| 23:20 | Research | Fletching |
| 23:45 | Create | Unit 2579 |
| 23:45 | Create | Unit 2579 |
| 23:52 | Create | Villager (Male) |
| 24:13 | Create | Villager (Male) |
| 24:25 | Create | Villager (Male) |
| 25:02 | Create | Villager (Male) |
| 25:18 | Build | Siege Workshop |
| 25:19 | Create | Villager (Male) |
| 25:24 | Research | Wheelbarrow |
| 25:24 | Research | Wheelbarrow |
| 25:24 | Research | Wheelbarrow |
| 25:29 | Create | Unit 2579 |
| 25:29 | Create | Unit 2579 |
| 25:30 | Create | Unit 2579 |
| 25:33 | Create | Villager (Male) |
| 25:33 | Create | Villager (Male) |
| 25:33 | Create | Villager (Male) |
| 26:17 | Research | Squires |
| 26:17 | Research | Squires |
| 26:18 | Research | Tech 1402 |
| 26:18 | Research | Tech 1402 |
| 26:23 | Create | Villager (Male) |
| 26:53 | Create | Villager (Male) |
| 26:54 | Create | Villager (Male) |
| 27:03 | Build | Farm |
| 27:05 | Build | Farm |
Match timeline
| 2:14 | BiangBiangBiang · wall_segment Palisade Wall x7 |
| 2:15 | Waryahay · wall_segment Palisade Wall x1 |
| 2:30 | Waryahay · wall_segment Palisade Wall x1 |
| 2:42 | Waryahay · wall_segment Palisade Wall x1 |
| 5:12 | 283948964 · wall_segment Palisade Wall x3 |
| 5:53 | Waryahay · wall_segment Palisade Wall x1 |
| 5:56 | Waryahay · wall_segment Palisade Wall x1 |
| 5:58 | Waryahay · wall_segment Palisade Wall x1 |
| 6:33 | BiangBiangBiang · wall_segment Palisade Wall x6 |
| 8:28 | Waryahay · wall_segment Palisade Wall x1 |
| 8:43 | Waryahay · wall_segment Palisade Wall x1 |
| 10:13 | Waryahay · wall_segment Palisade Wall x1 |
| 11:29 | 283948964 · wall_segment Palisade Wall x4 |
| 11:34 | BiangBiangBiang · wall_segment Palisade Wall x1 |
| 11:43 | Waryahay · age_up feudal |
| 11:59 | 长枪兵No.7 · wall_segment Palisade Wall x1 |
| 12:11 | 长枪兵No.7 · wall_segment Palisade Wall x1 |
| 12:15 | 长枪兵No.7 · wall_segment Palisade Wall x1 |
| 12:18 | 长枪兵No.7 · wall_segment Palisade Wall x1 |
| 12:19 | Waryahay · wall_segment Palisade Wall x1 |
| 12:31 | Waryahay · wall_segment Palisade Wall x1 |
| 12:45 | Waryahay · wall_segment Palisade Wall x1 |
| 12:59 | 长枪兵No.7 · age_up feudal |
| 13:49 | 283948964 · first_building Barracks |
| 14:11 | foog513523 · age_up feudal |
| 14:14 | 雞雞歪歪 · age_up feudal |
| 14:24 | Zelicko · age_up feudal |
| 14:34 | foog513523 · wall_segment Palisade Wall x2 |
| 15:00 | BiangBiangBiang · wall_segment Palisade Wall x6 |
| 15:01 | 283948964 · age_up feudal |
| 15:06 | 283948964 · first_building Stable |
| 15:10 | 长枪兵No.7 · wall_segment Palisade Wall x1 |
| 15:24 | foog513523 · wall_segment Palisade Wall x12 |
| 16:03 | Waryahay · age_up castle |
| 16:05 | foog513523 · wall_segment Palisade Wall x8 |
| 16:16 | Zelicko · first_market_buy 100 food |
| 16:20 | Zelicko · first_market_sell 100 wood |
| 16:35 | 长枪兵No.7 · age_up castle |
| 16:35 | BiangBiangBiang · age_up feudal |
| 16:43 | 长枪兵No.7 · first_building Siege Workshop |
| 16:56 | 283948964 · wall_segment Palisade Wall x5 |
| 17:18 | 长枪兵No.7 · first_building Barracks |
| 17:22 | 雞雞歪歪 · first_building Barracks |
| 17:25 | 灵羽の · age_up feudal |
| 17:30 | BiangBiangBiang · wall_segment Palisade Wall x1 |
| 17:32 | 283948964 · wall_segment Palisade Wall x8 |
| 17:41 | foog513523 · wall_segment Palisade Wall x9 |
| 17:48 | 雞雞歪歪 · age_up castle |
| 18:10 | BiangBiangBiang · wall_segment Palisade Wall x6 |
| 18:17 | foog513523 · wall_segment Palisade Wall x1 |
| 18:20 | foog513523 · wall_segment Palisade Wall x7 |
| 18:29 | foog513523 · wall_segment Palisade Wall x5 |
| 18:41 | 灵羽の · first_market_sell 100 stone |
| 18:53 | 283948964 · wall_segment Palisade Wall x13 |
| 18:54 | 雞雞歪歪 · first_building Stable |
| 19:17 | 283948964 · age_up castle |
| 19:22 | 283948964 · first_building Castle |
| 20:01 | Zelicko · age_up castle |
| 20:09 | Zelicko · first_building Castle |
| 20:15 | 283948964 · first_building Monastery |
| 20:27 | BiangBiangBiang · age_up castle |
| 20:40 | foog513523 · age_up castle |
| 20:56 | 283948964 · first_market_buy 100 food |
| 20:58 | foog513523 · first_building Barracks |
| 21:03 | Waryahay · first_market_buy 100 food |
| 21:05 | BiangBiangBiang · first_building Castle |
| 21:25 | 灵羽の · age_up castle |
| 21:39 | foog513523 · first_building Castle |
| 21:41 | 灵羽の · first_building Castle |
| 22:32 | Waryahay · first_building Castle |
| 22:33 | 灵羽の · wall_segment Palisade Wall x5 |
| 22:43 | 283948964 · first_building Siege Workshop |
| 23:43 | BiangBiangBiang · first_building Siege Workshop |
| 23:56 | 雞雞歪歪 · first_building Siege Workshop |
| 25:02 | 灵羽の · wall_segment Palisade Wall x1 |
| 25:18 | foog513523 · first_building Siege Workshop |
| 26:15 | 283948964 · wall_segment Stone Wall x5 |
| 26:50 | Waryahay · first_building Monastery |
| 27:06 | Waryahay · first_building Barracks |
| 27:21 | Waryahay · first_market_sell 100 food |
| 27:23 | 雞雞歪歪 · first_building Castle |
| 28:16 | Zelicko · first_building Krepost |
| 29:01 | 灵羽の · first_building Siege Workshop |
| 29:04 | BiangBiangBiang · first_market_buy 500 wood |
| 29:18 | Zelicko · first_building Barracks |
| 29:29 | 283948964 · first_market_sell 100 stone |
| 29:34 | 灵羽の · first_building Monastery |
| 30:18 | Waryahay · first_building Siege Workshop |
| 30:50 | 长枪兵No.7 · first_building Castle |
| 31:47 | 长枪兵No.7 · first_market_buy 100 food |
| 31:50 | Zelicko · age_up imperial |
| 32:57 | 283948964 · first_building Archery Range |
| 33:15 | 283948964 · age_up imperial |
| 34:38 | Waryahay · age_up imperial |
| 35:08 | 283948964 · wall_segment Stone Wall x8 |
| 35:11 | 长枪兵No.7 · age_up imperial |
| 35:28 | 283948964 · wall_segment Stone Wall x7 |
| 36:15 | 283948964 · wall_segment Stone Wall x2 |
| 36:24 | 283948964 · wall_segment Stone Wall x3 |
| 36:33 | 283948964 · wall_segment Stone Wall x5 |
| 37:18 | 283948964 · wall_segment Stone Wall x6 |
| 37:43 | 283948964 · wall_segment Stone Wall x7 |
| 38:42 | 283948964 · wall_segment Stone Wall x4 |
| 39:33 | 283948964 · wall_segment Stone Wall x1 |
| 39:37 | 283948964 · wall_segment Stone Wall x1 |
| 39:52 | 283948964 · wall_segment Stone Wall x1 |
| 39:56 | 283948964 · wall_segment Stone Wall x1 |
| 40:09 | 283948964 · wall_segment Stone Wall x5 |
| 41:24 | 长枪兵No.7 · first_building Stable |
| 41:25 | 283948964 · wall_segment Stone Wall x1 |
| 41:44 | 283948964 · wall_segment Stone Wall x4 |
| 42:38 | 长枪兵No.7 · first_market_sell 500 wood |
| 43:03 | foog513523 · age_up imperial |
| 43:32 | 雞雞歪歪 · wall_segment Stone Wall x3 |
| 44:27 | 长枪兵No.7 · first_building Archery Range |
| 44:56 | Waryahay · tribute_sent a jugador 2 |
| 44:56 | Waryahay · tribute_sent a jugador 3 |
| 44:56 | Waryahay · tribute_sent a jugador 4 |
| 44:56 | Waryahay · tribute_sent a jugador 5 |
| 44:56 | Waryahay · tribute_sent a jugador 6 |
| 44:56 | Waryahay · tribute_sent a jugador 7 |
| 44:56 | Waryahay · tribute_sent a jugador 8 |
| 45:02 | BiangBiangBiang · wall_segment Stone Wall x16 |
| 45:33 | Waryahay · tribute_sent a jugador 2 |
| 45:33 | Waryahay · tribute_sent a jugador 3 |
| 45:33 | Waryahay · tribute_sent a jugador 4 |
| 45:33 | Waryahay · tribute_sent a jugador 5 |
| 45:33 | Waryahay · tribute_sent a jugador 6 |
| 45:33 | Waryahay · tribute_sent a jugador 7 |
| 45:33 | Waryahay · tribute_sent a jugador 8 |
| 46:44 | 长枪兵No.7 · resign |
[ AI ANALYSIS · 1 CREDIT ]
What really happened in this match?
Wolo.gg analyzes every decision: build order, eco, micro, common mistakes by bracket. Personalized analysis on WhatsApp or Discord in 30 seconds.
Civ guide
Romans
Perfil
Jugador #565280